cohdb
Replays
Latest Replays
All Replays
Popular Replays
Top Player Replays
Match Explorer
How It Works
Community
CoH3 Stats
Reddit
Sign in to upload your games and track your stats! →
Sign in with Steam
Match 43500203
Unlisted
Match 43500203
Overview
Messages
Build Orders
End
Kradschützen Motorcycle Team
Selects Italian Infantry
Panzerpioneer Squad
Panzerpioneer Squad
Construct Light Support Kompanie
Assault Grenadier Squad
Panzergrenadier Squad
Selects Defensive Operations
2.5-tonne Medical Truck
Panzerjäger Mechanized Group
Fire Support Elements
Selects Guastatori Squad
Flakvierling Half-track
Selects Registered Artillery
Selects Territory Booby Traps
Guastatori Squad
Panzerjäger Mechanized Group
Veteran Squad Leaders
Construct Panzerarmee Kommand
Selects Towed Cannone da 105/28 Field Howitzer
Towed Cannone da 105/28 Field Howitzer
Registered Artillery
bigcheese
Soresu
Hoguma
Kaboom!!!
Og du kan dø?
_BerSerKer
0
0
Comments
sign in to comment!
No comments posted yet!